 Dungeon Crawl Stone Soup version 0.29-a0-834-g1e95ca9f62 (webtiles) character file.

Game seed: 2480911456063662821

348 vineage the Trooper (level 6, -8/44 HPs)
             Began as a Gargoyle Fighter on July 10, 2022.
             Mangled by an ice beast (11 damage)
             ... on level 3 of the Dungeon on July 12, 2022.
             The game lasted 00:03:11 (3267 turns).

vineage the Trooper (Gargoyle Fighter)              Turns: 3267, Time: 00:03:12

Health: -8/44      AC: 11    Str: 21    XL:     6   Next: 60%
Magic:  6/6        EV:  9    Int:  9    God:
Gold:   89         SH:  5    Dex:  9    Spells: 5/5 levels left

rFire   . . .      SeeInvis .   m - +2 short sword (vamp)
rCold   . . .      Faith    .   c - +1 buckler
rNeg    + . .      Spirit   .   b - +0 scale mail
rPois   ∞          Reflect  .   (no helmet)
rElec   +          Harm     .   (no cloak)
rCorr   .          Rampage  .   (no gloves)
Will    .....                   (no boots)
Stlth   ..........              (no amulet)
HPRegen 0.14/turn               (no ring)
MPRegen 0.10/turn               (no ring)

@: no status effects
A: sickness immunity, AC +4, negative energy resistance 1, electricity
resistance, torment resistance 1, petrification resistance
a: no special abilities


You were on level 3 of the Dungeon.
You visited 1 branch of the dungeon, and saw 3 of its levels.

You collected 89 gold pieces.

Inventory:

Hand Weapons
 a - a +0 flail
 m - a +2 vampiric short sword (weapon)
Armour
 b - a +0 scale mail (worn)
 c - a +1 buckler (worn)
Scrolls
 f - a scroll of magic mapping
 h - 2 scrolls of fog
 o - a scroll of noise
Potions
 d - a potion of degeneration
 e - a potion of flight {unknown}
 g - a potion of attraction {unknown}
 i - a potion of heal wounds {unknown}
 j - 2 potions of brilliance
 k - a potion of curing {unknown}
 n - a potion of lignification {unknown}


   Skills:
 * Level 7.5 Fighting
 - Level 2.9 Maces & Flails
 - Level 3.2 Armour
 - Level 3.2 Shields


You had 5 spell levels left.
You didn't know any spells.
Your spell library contained the following spells:

 Spells                   Type           Power      Damage    Failure   Level
 Sandblast                Erth           0%         2d4       82%         1
 Passwall                 Tmut/Erth      0%         N/A       91%         2
 Stone Arrow              Conj/Erth      0%         3d7       99%         3


Dungeon Overview and Level Annotations

Branches:
Dungeon (3/15)

Altars:
Xom


Innate Abilities, Weirdness & Mutations

You are immune to sickness and miasma.
Your stone body is resilient. (AC +4)
You are immune to poison.
You resist negative energy. (rN+)
You are resistant to electric shocks. (rElec)
You are resistant to unholy torment.
You are immune to petrification.


Message History

The ice beast barely misses you.
You hit the ice beast.
You feel better.
The ice beast is moderately wounded.
The ice beast barely misses you.
You hit the ice beast but do no damage.
The ice beast is moderately wounded.
The ice beast closely misses you.
You closely miss the ice beast.
The ice beast is moderately wounded.
The ice beast hits you but does no damage.
You hit the ice beast but do no damage.
The ice beast is moderately wounded.
The ice beast barely misses you. The ice beast closely misses you.
You hit the ice beast.
The ice beast is moderately wounded.
You block the ice beast's attack.
You hit the ice beast.
You feel better.
The ice beast is moderately wounded.
The ice beast hits you but does no damage.
You barely miss the ice beast.
The ice beast is moderately wounded.
The ice beast hits you. The ice beast freezes you!
* * * LOW HITPOINT WARNING * * *
You hit the ice beast.
You feel better.
The ice beast is heavily wounded.
The ice beast barely misses you.
You are too injured to fight recklessly!
You barely miss the ice beast.
The ice beast is heavily wounded.
You block the ice beast's attack.
You hit the ice beast but do no damage.
The ice beast is heavily wounded.
The ice beast hits you. The ice beast freezes you!
* * * LOW HITPOINT WARNING * * *
You barely miss the ice beast.
The ice beast is heavily wounded.
The ice beast hits you.
* * * LOW HITPOINT WARNING * * *
The ice beast freezes you!
You die...

##.#......##.######### *,,,,,.
#.#.......#.<.......# *,**,*#
#........##########.#### *,,,,,.
#######.## #........# *****,# #.#
#.###.##.# *,* #.# #.# #....# *,*
*#+#* #.# #..#.# *,* **...** #.#
##...# *,* **,..K!** #@#####..#
*****,* * **,,.....** #Y#.###..#
*,,,,,,
****,,,......###........###.***,,
,,,+,,,.....Y'..........).....,,,
****,,,......####...##.####.##*,,
* **,,.....** ##.###.# *,* *,,
**,....** ###*#.# *,* **, **...**
*..# *,* *, *#+** *.## *,****,


You could see an ice beast.

Vanquished Creatures
  Sigmund (D:2)
  A kobold brigand (D:3)
  3 gnolls (D:2)
  3 adders
  2 worms (D:3)
  A dart slug (D:1)
  7 ball pythons
  8 bats
  5 endoplasms
  4 goblins
  3 hobgoblins
  10 jackals
  8 kobolds
  2 quokkas
  4 frilled lizards
  2 rats (D:1)
64 creatures vanquished.

Notes
Turn   | Place    | Note
-------+----------+-------------------------------------------
     0 | D:1      | vineage the Gargoyle Fighter began the quest for the Orb.
     0 | D:1      | Reached XP level 1. HP: 14/14 MP: 1/1
    95 | D:1      | Reached XP level 2. HP: 19/19 MP: 2/2
  1198 | D:1      | Reached XP level 3. HP: 24/24 MP: 3/3
  1222 | D:1      | Reached skill level 4 in Fighting
  1252 | D:1      | Upgraded the game from 0.29-a0-824-gd827844252 to
                  | 0.29-a0-834-g1e95ca9f62
  1748 | D:1      | Found a faded altar of an unknown god.
  2095 | D:2      | Reached XP level 4. HP: 25/30 MP: 4/4
  2138 | D:2      | Reached skill level 5 in Fighting
  2200 | D:2      | Noticed Sigmund
  2224 | D:2      | Killed Sigmund
  2225 | D:2      | Reached skill level 6 in Fighting
  2225 | D:2      | Reached XP level 5. HP: 14/37 MP: 5/5
  2225 | D:2      | Reached XP level 6. HP: 17/42 MP: 6/6
  2937 | D:3      | Reached skill level 7 in Fighting
  3119 | D:3      | Found a shimmering altar of Xom.
  3218 | D:3      | Noticed an ice beast
  3267 | D:3      | Mangled by an ice beast

Illustrated notes

Levels and vault maps discovered:
D:1:      mrwooster_arrival_statue_2, layout_loops_corners,
          dilly_ecumenical_altar_fadedgnrine, minmay_misc_feat_cross,
          minmay_cut_off
D:2:      layout_basic, uniq_sigmund
D:3:      layout_loops_corners, xom_teletrap_fun

Skill      XL: |  1  2  3  4  5  6 |
---------------+-------------------+-----
Fighting       | 4 6 7 |  7.5
Maces & Flails | |  2.9
Armour         | |  3.2
Shields        | |  3.2

Action                   |  1- 3 |  4- 6 || total
-------------------------+-------+-------++-------
Melee: Flail             |   118 |       ||   118
       Short sword       |    25 |   168 ||   193
  Use: Potion            |     1 |       ||     1
       Scroll            |       |     7 ||     7
Armor: Scale mail        |    88 |    65 ||   153
Dodge: Dodged            |    89 |    68 ||   157
Block: Buckler           |    27 |    35 ||    62

Table legend: (Time is in decaauts)
 A = Elapsed time spent in this place.
 B = Non-inter-level travel time spent in this place.
 C = Inter-level travel time spent in this place.
 D = Time resting spent in this place.
 E = Time spent auto-exploring this place.
 F = Levels seen in this place.
 G = Mean time per level.
                   A        B        C        D        E       F      G
               +--------+--------+--------+--------+--------+-----+--------+
         Total |   3330 |   3241 |     89 |      0 |   2657 |   3 | 1110.0 |
       Dungeon |   3330 |   3241 |     89 |      0 |   2657 |   3 | 1110.0 |
               +--------+--------+--------+--------+--------+-----+--------+

Top non-repeatable levels by time:
     D:1: 2097 daAuts
     D:2: 770 daAuts
     D:3: 463 daAuts
